 Dungeon Crawl Stone Soup version 0.30-a0-335-ge5acde7520 (webtiles) character file.

Game seed: 5939156939244618917

110166 ParallaxScroll the Fighter (level 16, -11/169 HPs)
             Began as an Ogre Warper on Aug 7, 2022.
             Was an Elder of Okawaru.
             Mangled by an alligator snapping turtle (36 damage)
             ... on level 3 of the Shoals on Oct 31, 2022.
             The game lasted 11:10:17 (60042 turns).

ParallaxScroll the Fighter (Ogre Warper)           Turns: 60042, Time: 11:10:17

Health: -11/169    AC: 14    Str: 19    XL:     16   Next: 54%
Magic:  21/26      EV: 11    Int: 24    God:    Okawaru [****..]
Gold:   548        SH: 10    Dex: 12    Spells: 5/29 levels left

rFire   + . .      SeeInvis .    b - +2 short sword of the Summoning Hawk {spect, *Slow rF+ rN+}
rCold   + . .      Faith    .    l - +0 kite shield
rNeg    + . .      Spirit   .    N - +4 robe of Augmentation {Str+4 Int+4 Dex+4}
rPois   +          Reflect  .    F - +0 hat of Context {rC+ Will+ Str-4}
rElec   +          Harm     .    Z - +2 cloak
rCorr   .          Rampage  .    (gloves unavailable)
Will    ++...                    (boots unavailable)
Stlth   ++........               B - amulet of the Air {Inacc Air Fly rElec RMsl}
HPRegen 0.48/turn                X - +4 ring of protection
MPRegen 0.20/turn                O - ring of poison resistance

@: flying, very slightly contaminated, repel missiles
A: large, unfitting armour, tough skin 1
a: Renounce Religion, Heroism, Finesse


You were on level 3 of the Shoals.
You worshipped Okawaru.
Okawaru was greatly pleased with you.
You visited 7 branches of the dungeon, and saw 29 of its levels.

You collected 2185 gold pieces.
You spent 1637 gold pieces at shops.

Inventory:

Hand Weapons
 a - a +5 vampiric demon whip
 b - the +2 short sword of the Summoning Hawk (weapon) {spect, *Slow rF+ rN+}
   (You found it on level 3 of the Dungeon)

   When its wielder attacks, the weapon's spirit leaps out and strikes again.
   The spirit shares a part of any damage it takes with its wielder.
   rF:        It protects you from fire.
   rN:        It protects you from negative energy.
   *Slow:     It may slow you when you take damage.
 c - the +0 spear "Boyxovit" {flame, rCorr Int+4}
   (You found it on level 15 of the Dungeon)

   It burns those it strikes, dealing additional fire damage.
   Int:       It affects your intelligence (+4).
   rCorr:     It protects you from acid and corrosion.
Missiles
 d - 5 atropa-tipped darts
 g - 15 poisoned darts
 h - 11 javelins
 i - 11 silver javelins
 v - 4 boomerangs of dispersal
 H - 38 boomerangs
 L - a curare-tipped dart
 P - 3 silver boomerangs
 T - 2 throwing nets
 Y - 4 large rocks (quivered)
Armour
 l - a +0 kite shield (worn)
 F - the +0 hat of Context (worn) {rC+ Will+ Str-4}
   (Okawaru gifted it to you on level 4 of the Lair of Beasts)

   Str:       It affects your strength (-4).
   rC:        It protects you from cold.
   Will:      It increases your willpower.
 N - the +4 robe of Augmentation (worn) {Str+4 Int+4 Dex+4}
   (You took it off a gnoll bouda on level 6 of the Dungeon)

   Str:       It affects your strength (+4).
   Int:       It affects your intelligence (+4).
   Dex:       It affects your dexterity (+4).
 Z - a +2 cloak (worn)
Jewellery
 j - a ring of ice
 t - a ring of fire
 w - a ring of wizardry
 B - the amulet of the Air (around neck) {Inacc Air Fly rElec RMsl}
   (You bought it in a shop on level 2 of the Orcish Mines)

   [amulet of nothing]

   It reduces the accuracy of all your attacks.
   It enhances your air magic.
   rElec:     It insulates you from electricity.
   Fly:       It grants you flight.
   RMsl:      It protects you from missiles.
 O - a ring of poison resistance (right hand)
 S - a ring of see invisible
 X - a +4 ring of protection (left hand)
Wands
 p - a wand of flame (32)
 y - a wand of polymorph (11)
 I - a wand of paralysis (7)
 J - a wand of quicksilver (3)
Scrolls
 m - 3 scrolls of torment
 r - 8 scrolls of blinking
 u - 7 scrolls of teleportation
 z - 4 scrolls of vulnerability
 G - 4 scrolls of magic mapping
 K - 7 scrolls of fear
 R - 3 scrolls of poison
 V - a scroll of immolation
 W - 2 scrolls of silence
Potions
 e - 2 potions of might
 n - 8 potions of curing
 o - 2 potions of brilliance
 q - a potion of berserk rage
 x - 4 potions of heal wounds
 A - 4 potions of ambrosia
 C - 5 potions of haste
 D - a potion of invisibility
 E - 4 potions of lignification
 M - 3 potions of resistance
 Q - a potion of magic
Miscellaneous
 f - a lightning rod (4/4)
 k - a tin of tremorstones (1/2)
 s - a condenser vane (inert)


   Skills:
 - Level 13.0 Fighting
 - Level 9.0 Short Blades
 - Level 2.0(5.2) Axes
 - Level 6.8(7.0) Maces & Flails
 - Level 1.4(2.0) Polearms
 - Level 8.0 Throwing
 - Level 6.0 Dodging
 - Level 3.0 Stealth
 - Level 10.0 Shields
 - Level 7.0 Spellcasting
 - Level 7.0 Conjurations
 - Level 4.0 Hexes
 - Level 5.0 Translocations
 - Level 7.0 Transmutations
 - Level 4.0 Fire Magic
 - Level 3.3 Earth Magic
 - Level 12.4 Invocations
 + Level 7.3 Evocations


You had 5 spell levels left.
You knew the following spells:

 Your Spells              Type           Power      Damage    Failure   Level
a - Foxfire               Conj/Fire      100%       2x1d9     1%          1
b - Sandblast             Erth           48%        2d12      3%          1
c - Blink                 Tloc           64%        N/A       2%          2
d - Gell's Gravitas       Tloc           32%        N/A       4%          3
e - Teleport Other        Tloc           32%        N/A       4%          3
f - Stone Arrow           Conj/Erth      66%        3d11      4%          3
h - Inner Flame           Hex/Fire       27%        N/A       8%          3
i - Irradiate             Conj/Tmut      21%        3d18      21%         5
j - Portal Projectile     Hex/Tloc       60%        N/A       6%          3

Your spell library contained the following spells:

 Spells                   Type           Power      Damage    Failure   Level
 Passwall                 Tmut/Erth      27%        N/A       2%          2
 Sting                    Tmut/Pois      100%       1d8       3%          1
 Lesser Beckoning         Tloc           64%        N/A       4%          3
 Flame Wave               Conj/Fire      34%        2d10      14%         4
 Manifold Assault         Tloc           32%        N/A       17%         4
 Poisonous Vapours        Pois/Air       24%        N/A       21%         2
 Blade Hands              Tmut           21%        N/A       21%         5
 Iskenderun's Battlesphe  Conj           42%        2d9       21%         5
 Cause Fear               Hex            13%        N/A       26%         4
 Olgreb's Toxic Radiance  Pois           8%         N/A       78%         4
 Iron Shot                Conj/Erth      16%        9d4       94%         6
 Dispersal                Tloc           16%        N/A       95%         6
 Dragon Form              Tmut           21%        N/A       99%         7
 Disjunction              Tloc           16%        N/A       100%        8
 Lehudib's Crystal Spear  Conj/Erth      16%        10d5      100%        8
 Tukima's Dance           Hex            Unusable   N/A       N/A         3
 Summon Small Mammal      Summ           Unusable   N/A       N/A         1
 Summon Guardian Golem    Hex/Summ       Unusable   N/A       N/A         3
 Call Canine Familiar     Summ           Unusable   N/A       N/A         3
 Animate Armour           Summ/Erth      Unusable   N/A       N/A         4
 Spellforged Servitor     Conj/Summ      Unusable   N/A       N/A         7
 Dragon's Call            Summ           Unusable   N/A       N/A         9

Dungeon Overview and Level Annotations

Branches:
Dungeon (15/15)            Temple (1/1) D:7            Lair (5/5) D:8
 Shoals (3/4) Lair:3        Snake (1/4) Lair:3        Slime (0/5) Lair:4
    Orc (2/2) D:10            Elf (2/3) Orc:2        Depths (0/4) D:15
 Vaults: D:13-14

Altars:
Ashenzari
Cheibriados
Dithmenos
Elyvilon
Fedhas
Gozag
Hepliaklqana
Kikubaaqudgha
Makhleb
Nemelex Xobeh
Okawaru
Qazlal
Ru
Sif Muna
Trog
Uskayaw
Vehumet
Wu Jian
Xom
Yredelemnul
Zin
The Shining One
Jiyva

Shops:
D:6 *   D:12 :   Orc:2 *=?[   Elf:1 (   Snake:1 *(!

Portals:
Pandemonium: Orc:2
Trove: D:14 (show abyssal rune of Zot)

Annotations:
D:14 3 exclusions
D:15 1 exclusion
Lair:5 3 runed translucent doors, Valamore's ghost, journeyman BaIE
Shoals:1 kraken
Shoals:2 3 transporters
Shoals:3 exclusion: yaktaur
Snake:1 1 runed translucent door, 2 transporters, exclusions: obsidian statue and 1 more exclusion, Jorgrun; Orchucw's ghost, adept MiHu
Orc:1 2 transporters


Innate Abilities, Weirdness & Mutations

You are too large for most types of armour.
You have tough skin. (AC +1)


Message History

You feel much better.
The alligator snapping turtle misses you.
You see here the +1 plate armour of Awe {Int+6 Dex-5 Stlth+}.
Throw: 7 large rocks
Press: ? - help, Q - select action, (/) - cycle Shift-Dir - straight line, f/p - alligator snapping turtle
Aim: an alligator snapping turtle (flame, severely wounded, 82% to hit)
You throw a large rock.
The large rock hits the alligator snapping turtle but does no damage.
The alligator snapping turtle is severely wounded.
You hear a splash.
The alligator snapping turtle is engulfed in blazing flames.
The alligator snapping turtle bites you but does no damage.
Throw: 6 large rocks
Press: ? - help, Q - select action, (/) - cycle Shift-Dir - straight line, f/p - alligator snapping turtle
Aim: an alligator snapping turtle (flame, severely wounded, 82% to hit)
You throw a large rock.
The large rock hits the alligator snapping turtle but does no damage.
The alligator snapping turtle is severely wounded.
You hear a splash.
The alligator snapping turtle is engulfed in blazing flames.
The alligator snapping turtle bites you but does no damage.
The alligator snapping turtle is engulfed in blazing flames.
The alligator snapping turtle bites you from afar!!
* * * LOW HITPOINT WARNING * * *
You feel like a meek peon again.
Okay, then.
Aiming: Mindburst
Press: ? - help, Shift-Dir - straight line, f/p - alligator snapping turtle
Aim: an alligator snapping turtle (severely wounded, chance to affect: 57%)
The alligator snapping turtle's mind is blasted!!
The now-empty wand crumbles to dust.
Throw: 5 large rocks
Press: ? - help, Q - select action, (/) - cycle Shift-Dir - straight line, f/p - alligator snapping turtle
Aim: an alligator snapping turtle (severely wounded, 80% to hit)
You throw a large rock.
The large rock barely misses the alligator snapping turtle.
You hear a splash.
There is a stone staircase leading up here.
The alligator snapping turtle bites you from afar!!!
You die...

~~~~~.~~~....##..~~~....~.~~~~~~~
~P~~~.~~~~.....~~~..###...~~~~~~~
~~~~..~~~...~~~~(~..## #..~~)~~..
~.#..~~~~=#.~~~~~~...###..~~~~~.#
<....~~.~.#.~~~~.........~~~~~~..
~~~~~~~..~~.~~............>.~~~~.
.~~~~~~~~~~~~~~~t~~~..~≈≈~...~≈≈≈
###.~~~~≈~~.~~~~.......≈≈~~~~≈≈≈~
###.~~~≈≈≈..>..~@#..##..~~.~≈≈~~~
.##..~≈≈≈~~.....(...........~~~..
....~≈≈~)~~.............###.~≈.#≈
~..~~≈≈....####........## #.~~.~≈
~~~~~≈≈...# ####..~.## ##.~..~≈
~~~~~~~~.# #..##.~~.####.....≈≈
~~~~~.~.#####.......~...#..~..~≈≈
~~~~.~~~.#....~~~....~~~~~~~~~≈≈~
~~~...........~~~...P.P.~....~≈~~


You could see an alligator snapping turtle.

Vanquished Creatures
  A fire giant (D:10)
  An orc warlord (Orc:1)
  A deep elf annihilator (Elf:1)
  A deep elf demonologist (Elf:1)
  A minotaur (D:13)
  Snorg (Lair:4)
  The ghost of zishaf the Dancer, a journeyman VSBr of Uskayaw (Orc:2)
  A deep elf high priest (Elf:1)
  2 merfolk impalers
  An entropy weaver (shapeshifter) (D:14)
  6 hydras
  2 demonspawn (Orc:2)
  2 merfolk avatars (Shoals:3)
  3 boulder beetles
  A catoblepas (D:13)
  A merfolk aquamancer (Shoals:2)
  7 centaur warriors
  An ogre mage (D:10)
  An alligator snapping turtle (Shoals:3)
  2 dancing weapons (Elf:1)
  A naga warrior (Snake:1)
  4 two-headed ogres
  3 death yaks
  6 orc high priests
  Urug (D:12)
  A shock serpent (Snake:1)
  2 deep elf knights
  A sun demon (Orc:2)
  9 skeletal warriors (D:13)
  A shadow wraith (D:10)
  4 sea snakes
  6 orc knights (Orc:2)
  6 deep elf pyromancers
  6 deep elf zephyrmancers (Elf:1)
  A faun (Shoals:1)
  6 orc sorcerers (Orc:2)
  3 mana vipers (Snake:1)
  A wolf spider (D:13)
  4 cyclopes
  6 manticores
  5 ugly things (D:15)
  15 elephants
  A naga mage (Snake:1)
  4 merfolk sirens
  10 black mambas
  2 gargoyles
  2 orange demons (Orc:2)
  A water nymph (Shoals:2)
  2 rime drakes
  An unseen horror (D:11)
  6 cane toads
  4 komodo dragons
  A yaktaur (Shoals:3)
  A tengu conjurer (D:15)
  5 trolls
  3 polar bears (Lair:5)
  2 hornets (Lair:5)
  3 wind drakes
  5 merfolk
  A queen bee (shapeshifter) (D:14)
  4 slime creatures (D:15)
  10 blink frogs
  4 dream sheep (Lair:5)
  A dream sheep (shapeshifter) (D:15)
  A snapping turtle (Shoals:3)
  13 spriggans (Lair:5)
  8 wyverns
  A shadow (D:12)
  A vampire (D:12)
  5 water elementals (Shoals:2)
  2 wraiths
  50 yaks
  A fire elemental (Elf:1)
  A human (shapeshifter) (D:10)
  7 basilisks
  A chaos spawn (Orc:2)
  2 steam dragons (D:8)
  2 vampire mosquitoes
  6 nagas (Snake:1)
  5 wargs
  An acid dragon (D:12)
  11 water moccasins
  38 orc warriors
  6 black bears
  3 ice beasts
  10 ogres
  5 boggarts (Lair:5)
  32 wolves
  8 centaurs
  A kobold brigand (D:7)
  9 bullfrogs
  A gnoll sergeant (D:11)
  3 scorpions
  2 earth elementals (Elf:2)
  8 killer bees
  5 electric eels (Lair:5)
  4 howler monkeys
  4 lava snakes (Lair:5)
  29 orc priests
  2 hounds (D:5)
  3 gnoll boudas
  2 iguanas
  16 orc wizards
  2 centaur simulacra
  14 gnolls
  8 adders
  A white imp (D:6)
  2 dart slugs
  57 orcs
  8 endoplasms
  A giant cockroach (D:2)
  6 goblins
  2 hobgoblins
  4 jackals
  5 quokkas
  8 ball pythons
  11 bats
  3 frilled lizards (D:1)
  10 kobolds
  5 rats
658 creatures vanquished.

Vanquished Creatures (collateral kills)
  15 foxfires
15 creatures vanquished.

Vanquished Creatures (others)
  An orc wizard (D:6)
  A bush (Shoals:3)
  1559 foxfires
  51 fungi
  83 plants
  4 tentacles (Shoals:1)
1699 creatures vanquished.

Grand Total: 2372 creatures vanquished

Notes
Turn   | Place    | Note
-------+----------+-------------------------------------------
     0 | D:1      | ParallaxScroll the Ogre Warper began the quest for the Orb.
     0 | D:1      | Reached XP level 1. HP: 22/22 MP: 3/3
   384 | D:1      | Reached skill level 3 in Fighting
   646 | D:1      | Reached XP level 2. HP: 31/31 MP: 5/5
   649 | D:1      | Learned a level 2 spell: Blink
  1855 | D:2      | Reached XP level 3. HP: 32/37 MP: 7/7
  1971 | D:2      | Found a faded altar of an unknown god.
  2200 | D:2      | Reached skill level 4 in Fighting
  2947 | D:3      | Reached XP level 4. HP: 49/49 MP: 8/8
  3027 | D:3      | Reached skill level 5 in Fighting
  3263 | D:3      | Identified the +2 short sword of the Summoning Hawk {spect,
                  | *Slow rF+ rN+}
  3811 | D:3      | Found an ancient bone altar of Kikubaaqudgha.
  4016 | D:4      | Noticed a scorpion
  4027 | D:4      | Killed a scorpion
  4028 | D:4      | Reached skill level 6 in Fighting
  4028 | D:4      | Reached XP level 5. HP: 59/59 MP: 9/9
  4064 | D:4      | Reached skill level 1 in Short Blades
  4482 | D:4      | You fall into a shaft and drop 2 floors!
  4815 | D:6      | Found Ymess's Assorted Antiques.
  4818 | D:6      | Found a broken altar of Ashenzari.
  4842 | D:6      | Reached XP level 6. HP: 51/67 MP: 11/11
  4853 | D:6      | Reached skill level 1 in Evocations
  5011 | D:6      | Bought a silvery potion for 18 gold pieces
  5011 | D:6      | Bought a scroll labelled PUHEKE UNUUGOWK for 20 gold pieces
  5011 | D:6      | Bought a scroll labelled GAYGRO XELUUXT for 20 gold pieces
  5011 | D:6      | Bought a fuming grey potion for 18 gold pieces
  5011 | D:6      | Bought a scroll of teleportation for 60 gold pieces
  5011 | D:6      | Noticed an ice beast
  5026 | D:6      | Killed an ice beast
  5027 | D:6      | Reached skill level 1 in Stealth
  5027 | D:6      | Reached skill level 1 in Conjurations
  5027 | D:6      | Reached skill level 1 in Fire Magic
  5029 | D:6      | Learned a level 1 spell: Foxfire
  5191 | D:5      | Entered Level 5 of the Dungeon
  6102 | D:5      | Reached XP level 7. HP: 8/75 MP: 7/13
  6502 | D:5      | Learned a level 1 spell: Sandblast
  7088 | D:6      | Reached skill level 1 in Polearms
  7088 | D:6      | Reached skill level 1 in Earth Magic
  7688 | D:6      | Reached skill level 5 in Spellcasting
  7954 | D:7      | Found a bloodstained altar of Trog.
  8002 | D:7      | Found a staircase to the Ecumenical Temple.
  8013 | Temple   | Entered the Ecumenical Temple
  8170 | Temple   | Became a worshipper of Warmaster Okawaru
  8175 | Temple   | Learned a level 3 spell: Gell's Gravitas
  8196 | D:7      | Noticed a wyvern
  8274 | D:7      | Reached XP level 8. HP: 83/83 MP: 15/15
  8315 | D:7      | Reached skill level 1 in Invocations
  8555 | D:7      | Killed a wyvern
  8556 | D:7      | Reached skill level 7 in Fighting
  8868 | D:7      | Reached * piety under Okawaru
  9325 | D:8      | Noticed a yak
  9349 | D:8      | Learned a level 3 spell: Teleport Other
  9838 | D:7      | Found a staircase to the Ecumenical Temple.
  9941 | D:7      | Found a bloodstained altar of Trog.
 10466 | D:5      | Reached XP level 9. HP: 93/93 MP: 18/18
 11054 | D:8      | Found a burning altar of Makhleb.
 11097 | D:8      | Reached skill level 8 in Fighting
 11233 | D:8      | Reached ** piety under Okawaru
 11526 | D:8      | Found a staircase to the Lair.
 11662 | D:8      | Reached skill level 5 in Invocations
 11953 | D:7      | Reached skill level 5 in Short Blades
 11953 | D:7      | Reached XP level 10. HP: 93/104 MP: 20/20
 12030 | D:8      | Found a white marble altar of Elyvilon.
 12066 | D:8      | Found a basalt altar of Yredelemnul.
 12385 | D:8      | Found a stormy altar of Qazlal.
 12722 | D:7      | Upgraded the game from 0.29-a0-1006-g0dd7720b37 to
                  | 0.29-a0-1008-g949cc1d0fb
 12923 | D:8      | Reached *** piety under Okawaru
 13539 | D:8      | Found a burning altar of Makhleb.
 13565 | D:8      | Found a staircase to the Lair.
 13607 | D:8      | Found a white marble altar of Elyvilon.
 13860 | D:8      | Found a stormy altar of Qazlal.
 13903 | D:8      | Found a basalt altar of Yredelemnul.
 14075 | D:6      | Bought a scroll of teleportation for 60 gold pieces
 14387 | D:9      | Reached skill level 9 in Fighting
 14505 | D:9      | Noticed a deep elf pyromancer
 14524 | D:9      | Killed a deep elf pyromancer
 14524 | D:9      | Reached **** piety under Okawaru
 14525 | D:9      | Reached XP level 11. HP: 98/115 MP: 21/21
 15349 | D:10     | Entered Level 10 of the Dungeon
 15349 | D:10     | Found a staircase to the Orcish Mines.
 15358 | D:9      | Learned a level 3 spell: Stone Arrow
 16179 | D:10     | Noticed a cyclops
 16190 | D:10     | Killed a cyclops
 16215 | D:10     | Identified the +0 ring mail of Darkness {rF+ Str+4}
 16220 | D:10     | Learned a level 7 spell: Conjure Flame
 16649 | D:10     | Found a hazy altar of Hepliaklqana.
 16649 | D:10     | Found a shimmering blue altar of Sif Muna.
 16649 | D:10     | Found a sacrificial altar of Ru.
 16649 | D:10     | Found a hide-covered altar of Uskayaw.
 16657 | D:10     | Found a sparkling altar of Nemelex Xobeh.
 16660 | D:10     | Found a glowing golden altar of the Shining One.
 16923 | D:10     | Found an ornate altar of the Wu Jian Council.
 16943 | D:10     | Noticed a manticore
 16943 | D:10     | Noticed a cyclops
 16943 | D:10     | Noticed an ogre mage
 16950 | D:10     | Killed an ogre mage
 16950 | D:10     | Received a gift from Okawaru
 16950 | D:10     | Killed a manticore
 16950 | D:10     | Reached ***** piety under Okawaru
 16950 | D:10     | Killed a cyclops
 16950 | D:10     | Received a gift from Okawaru
 16950 | D:10     | HP: 4/115 [cloud of flame (13)]
 17358 | D:10     | Noticed a fire giant
 17525 | Lair:1   | Entered Level 1 of the Lair of Beasts
 17588 | D:8      | Reached skill level 10 in Fighting
 17870 | Lair:1   | Noticed a five-headed hydra
 17886 | Lair:1   | Killed a five-headed hydra
 18098 | Lair:1   | Reached skill level 10 in Invocations
 18098 | Lair:1   | Reached XP level 12. HP: 84/126 MP: 22/22
 18353 | Lair:1   | Reached skill level 5 in Throwing
 18405 | Lair:1   | Reached skill level 5 in Dodging
 18661 | Lair:1   | Received a gift from Okawaru
 18979 | Lair:1   | Received a gift from Okawaru
 19756 | Lair:1   | Noticed a boulder beetle
 20046 | Lair:1   | Killed a boulder beetle
 20047 | Lair:1   | Reached skill level 5 in Evocations
 21859 | Lair:2   | Reached skill level 11 in Fighting
 21871 | Lair:2   | Received a gift from Okawaru
 22321 | Lair:3   | Reached XP level 13. HP: 137/137 MP: 23/23
 22333 | Lair:3   | Learned a level 3 spell: Inner Flame
 22382 | Lair:3   | Reached skill level 1 in Hexes
 23003 | Lair:3   | Found a staircase to the Shoals.
 23261 | Lair:3   | Upgraded the game from 0.29-a0-1008-g949cc1d0fb to
                  | 0.29-a0-1009-g60c99734e7
 23910 | Lair:3   | Reached skill level 5 in Conjurations
 24044 | Lair:3   | Found a staircase to the Snake Pit.
 24749 | Lair:3   | Found a staircase to the Snake Pit.
 25103 | Lair:4   | Noticed Snorg
 25108 | Lair:4   | Killed Snorg
 25108 | Lair:4   | Identified the +0 hat of Context {rC+ Will+ Str-4} (Okawaru
                  | gifted it to you on level 4 of the Lair of Beasts)
 25108 | Lair:4   | Received a gift from Okawaru
 26966 | Lair:4   | Found a staircase to the Slime Pits.
 26967 | Lair:4   | Found a viscous altar of Jiyva.
 28207 | Lair:4   | Found a staircase to the Slime Pits.
 28208 | Lair:4   | Found a viscous altar of Jiyva.
 28772 | Lair:5   | Entered Level 5 of the Lair of Beasts
 28772 | Lair:5   | Noticed a minotaur
 28777 | Lair:5   | Noticed Valamore's ghost (journeyman BaIE)
 29114 | Lair:5   | Reached skill level 12 in Fighting
 29287 | Lair:5   | Found a runed translucent gate.
 29287 | Lair:5   | Found a runed translucent gate.
 29287 | Lair:5   | Found a runed translucent gate.
 29955 | Lair:5   | Received a gift from Okawaru
 30778 | Lair:5   | Reached XP level 14. HP: 99/149 MP: 8/24
 30963 | Lair:5   | Received a gift from Okawaru
 30964 | Lair:5   | Reached skill level 5 in Translocations
 31451 | Lair:5   | Reached skill level 1 in Maces & Flails
 32980 | D:10     | Killed a fire giant
 33550 | Snake:1  | Entered Level 1 of the Snake Pit
 33550 | Snake:1  | Found Jurghi Cuny's Distillery.
 33574 | Snake:1  | Bought a potion of haste for 140 gold pieces
 33699 | Snake:1  | Reached skill level 1 in Transmutations
 34135 | Snake:1  | Found a runed translucent door.
 34136 | Snake:1  | Noticed Orchucw's ghost (adept MiHu)
 34263 | Lair:3   | Learned a level 5 spell: Irradiate
 34318 | Snake:1  | Found a transporter.
 34326 | Snake:1  | Identified the +5 mace "Spiderslayer" {freeze, *Rage rCorr
                  | Str+10 Int-4}
 34332 | Snake:1  | Found a transporter.
 34636 | Snake:1  | Found Oxur's General Store.
 34644 | Snake:1  | Found Luni's Weapon Boutique.
 34679 | Snake:1  | Bought a scroll of identify for 34 gold pieces
 34680 | Snake:1  | Bought a potion of magic for 136 gold pieces
 34888 | Snake:1  | Noticed Jorgrun
 35265 | D:10     | Found an ornate altar of the Wu Jian Council.
 35307 | D:10     | Found a staircase to the Orcish Mines.
 35745 | D:10     | Found a hazy altar of Hepliaklqana.
 35749 | D:10     | Found a shimmering blue altar of Sif Muna.
 35749 | D:10     | Found a hide-covered altar of Uskayaw.
 35749 | D:10     | Found a sacrificial altar of Ru.
 35755 | D:10     | Found a glowing golden altar of the Shining One.
 35755 | D:10     | Found a sparkling altar of Nemelex Xobeh.
 35941 | D:11     | Received a gift from Okawaru
 37256 | D:12     | Received a gift from Okawaru
 37430 | D:12     | Found Rargheomm's Book Shoppe.
 37437 | D:12     | Bought a book of Weapons for 336 gold pieces
 37441 | D:12     | Learned a level 3 spell: Portal Projectile
 37566 | D:12     | Noticed Urug
 37582 | D:12     | Killed Urug
 38522 | D:11     | Upgraded the game from 0.29-a0-1009-g60c99734e7 to
                  | 0.29-a0-1016-g236c7fd91e
 38803 | D:12     | Found Rargheomm's Book Shoppe.
 40061 | D:13     | Received a gift from Okawaru
 40292 | D:13     | Reached skill level 13 in Fighting
 40470 | D:13     | Upgraded the game from 0.29-a0-1016-g236c7fd91e to
                  | 0.30-a0-331-g8ab09dc110
 40564 | Orc:1    | Entered Level 1 of the Orcish Mines
 41157 | Orc:1    | Found a transporter.
 41240 | Orc:2    | Entered Level 2 of the Orcish Mines
 41343 | Orc:2    | Found a runed translucent door.
 41343 | Orc:2    | Noticed zishaf's ghost (journeyman VSBr)
 41386 | Orc:2    | Killed zishaf's ghost
 42474 | Orc:1    | Found a transporter.
 42652 | Orc:1    | Upgraded the game from 0.30-a0-331-g8ab09dc110 to
                  | 0.30-a0-335-ge5acde7520
 42661 | Orc:2    | Noticed an orc warlord
 42675 | Orc:1    | Killed an orc warlord
 42675 | Orc:1    | Received a gift from Okawaru
 42861 | Orc:2    | Reached skill level 1 in Shields
 43364 | Orc:2    | Reached XP level 15. HP: 159/159 MP: 13/25
 43604 | Orc:2    | Found a staircase to the Elven Halls.
 44683 | Orc:2    | Found Riud's Magic Scroll Shop.
 44688 | Orc:2    | Found Coquneec's General Store.
 45419 | Orc:2    | Received a gift from Okawaru
 45428 | Orc:2    | Reached skill level 5 in Shields
 45935 | Orc:2    | Reached skill level 5 in Transmutations
 46647 | Orc:2    | Received a gift from Okawaru
 47147 | Orc:2    | Found Wiomimom's Jewellery Emporium.
 47147 | Orc:2    | Found Seppid's Antique Armour Shoppe.
 47148 | Orc:2    | Found a one-way gate leading to the halls of Pandemonium.
 47181 | Orc:2    | Bought a scroll of identify for 30 gold pieces
 47627 | D:10     | Found a hazy altar of Hepliaklqana.
 47631 | D:10     | Found a shimmering blue altar of Sif Muna.
 47631 | D:10     | Found a hide-covered altar of Uskayaw.
 47631 | D:10     | Found a sacrificial altar of Ru.
 47637 | D:10     | Found a glowing golden altar of the Shining One.
 47637 | D:10     | Found a sparkling altar of Nemelex Xobeh.
 47832 | D:10     | Found an ornate altar of the Wu Jian Council.
 47960 | D:10     | Found an ornate altar of the Wu Jian Council.
 48054 | D:10     | Found a staircase to the Orcish Mines.
 48474 | D:10     | Found a hazy altar of Hepliaklqana.
 48478 | D:10     | Found a shimmering blue altar of Sif Muna.
 48478 | D:10     | Found a hide-covered altar of Uskayaw.
 48478 | D:10     | Found a sacrificial altar of Ru.
 48484 | D:10     | Found a glowing golden altar of the Shining One.
 48484 | D:10     | Found a sparkling altar of Nemelex Xobeh.
 48850 | Orc:2    | Bought a scroll of identify for 30 gold pieces
 48850 | Orc:2    | Bought a scroll of enchant weapon for 112 gold pieces
 50019 | Orc:2    | Bought a scroll of enchant weapon for 97 gold pieces
 51714 | D:13     | Reached skill level 5 in Maces & Flails
 51723 | D:13     | Found a runed translucent door.
 53326 | D:14     | Found a portal to a secret trove of treasure.
 53741 | D:14     | Found a faded altar of an unknown god.
 53819 | D:15     | Entered Level 15 of the Dungeon
 53882 | D:15     | Received a gift from Okawaru
 54134 | D:15     | Identified the +0 spear "Boyxovit" {flame, rCorr Int+4}
 54364 | D:15     | Found a shimmering altar of Xom.
 54391 | D:15     | Found a shimmering altar of Xom.
 54391 | D:15     | Found a shimmering altar of Xom.
 54393 | D:15     | Found a shimmering altar of Xom.
 54633 | D:15     | Received a gift from Okawaru
 55279 | Orc:2    | Bought the amulet of the Air {Inacc Air Fly rElec RMsl} for
                  | 526 gold pieces
 55279 | Orc:2    | Found the amulet of the Air {Inacc Air Fly rElec RMsl}
 55340 | Elf:1    | Entered Level 1 of the Elven Halls
 55651 | Elf:1    | Reached XP level 16. HP: 152/169 MP: 24/26
 56044 | Elf:1    | Found a radiant altar of Vehumet.
 56144 | Elf:1    | Found Besas's Antique Weapon Shoppe.
 57179 | Shoals:1 | Entered Level 1 of the Shoals
 57432 | Shoals:1 | Noticed a kraken
 58630 | Shoals:2 | Found a transporter.
 58635 | Shoals:2 | Found a transporter.
 58653 | Shoals:2 | Found a transporter.
 58862 | Shoals:2 | Found a transporter.
 58908 | Shoals:2 | Found a transporter.
 59009 | Shoals:2 | Reached skill level 10 in Shields
 59995 | Shoals:3 | Identified the +1 plate armour of Awe {Int+6 Dex-5 Stlth+}
 60042 | Shoals:3 | Mangled by an alligator snapping turtle

Illustrated notes

Levels and vault maps discovered:
D:1:      roderic_dead_forest, layout_loops_ring, st_stairs_9,
          hangedman_glass_teeth, minmay_misc_feat_encased
D:2:      layout_basic, ebering_ecumenical_altar_rust, hangedman_glass_garden,
          serial_bayou_ford_a
D:3:      layout_loops_corners, general_overflow_altar,
          chequers_serial_rivers_micro_c, grunt_decor_resistance
D:4:      layout_basic
D:5:      layout_loops_ring
D:6:      layout_gridville, mainiacjoe_overflow_cross_hatched, serial_shops,
          shop
D:7:      nicolae_cairo_tiling_very_big, layout_basic,
          mainiacjoe_overflow_alcove_1, minmay_temple_entry_trees,
          grunt_decor_fettered, st_stairs_13
D:8:      layout_gridville, nicolae_qazlal_general_emergency, kennysheep_mini,
          mainiacjoe_overflow_brackets, elyvilon_altar_4,
          erik_lair_orcish_takeover, kennysheep_windowed_goal
D:9:      layout_long_grid, grunt_ogre_cave, kennysheep_crisscross
D:10:     minmay_shrinking_squares, layout_loops_ring,
          nicolae_wu_jian_immortal_techniques, minmay_overflow_temple_hex,
          minmay_orc_entry_temple_small, minivault_20, nicolae_hexahallways,
          feat_on_display
D:11:     layout_gridville
D:12:     layout_irregular_city, serial_shops, nicolae_shop_trees, uniq_urug
D:13:     dreamdust_labyrinth, layout_irregular_city
D:14:     layout_gridville, grunt_vaults_entry_fortified,
          amcnicky_mini_rare_corridor_liquid, enter_trove_1,
          nicolae_hepliaklqana_ecumenical_no_more
D:15:     grunt_enter_depths_magical_seal, layout_loops_corners, xom_redecorated
Temple:   hellmonk_temple_forest_ring
Lair:1:   layout_cave_pods, grunt_megastairs_4
Lair:2:   layout_gridlike, st_stairs_10, grunt_forest_stairs_basic,
          chequers_serial_rivers_small_b, lemuel_fruit_tree
Lair:3:   layout_small_grid, minmay_shoals_entry_lonely_mermaid,
          minmay_snake_entry_six_corridors
Lair:4:   layout_cave_pods, slime_entry_1, serial_bayou_shore_b, uniq_snorg
Lair:5:   minmay_lair_end_enchanted_forest, layout_loops_ring,
          maelrawn_ghost_gauntlet_escape, chequers_serial_rivers_small_a,
          nicolae_lair_liquid_snakes
Shoals:1: layout_shoals
Shoals:2: layout_shoals, nicolae_shoals_lost_giant_pillars,
          serial_nicolae_subway, nicolae_sub_station_crystal,
          nicolae_sub_station_stone, nicolae_sub_station_metal
Shoals:3: layout_shoals, yaktaur_hedge
Snake:1:  gammafunk_sealed_arena, layout_layer_cave, ebering_ghost_inner_flame,
          serial_shops, nicolae_shop_trees, shop, nicolae_shop_behind_doors,
          nicolae_shop_hallway_plus, grunt_megastairs_5, uniq_jorgrun
Orc:1:    gammafunk_beogh_shrine, layout_caves, basic_altar,
          kennysheep_orc_chapel
Orc:2:    pf_orc_diabolical, layout_diamond_mine, gammafunk_ghost_grave,
          basic_altar
Elf:1:    layout_geoelf_octagon, basic_altar, serial_shops,
          nicolae_shop_overgrown_old_shop, serial_glass, glass_columns_b,
          glass_columns_c, kennysheep_underground_church
Elf:2:    elven_hall_of_blades_hangedman_original
          [nicolae_blade_entry_pointy_end], layout_loops_corners,
          hangedman_research_geology

Skill      XL: |  1  2  3  4  5  6  7  8  9 10 11 12 13 14 15 16 |
---------------+-------------------------------------------------+-----
Fighting       | 3 4 6 7 8 9 10 11 12 13 | 13.0
Translocations | 3 4 5 |  5.0
Spellcasting   | 3 4 5 6 7 |  7.0
Short Blades   | 1 2 3 5 8 9 |  9.0
Throwing       | 2 3 4 6 7 8 |  8.0
Evocations     | 1 2 3 4 5 6 7 |  7.3
Stealth        | 1 2 3 |  3.0
Conjurations   | 2 3 4 5 6 7 |  7.0
Fire Magic     | 1 2 4 |  4.0
Polearms       | 1 |  1.4
Earth Magic    | 1 3 |  3.3
Invocations    | 3 6 10 11 12 | 12.4
Dodging        | 3 4 5 6 |  6.0
Hexes          | 4 |  4.0
Maces & Flails | 4 6 |  6.8
Transmutations | 4 5 7 |  7.0
Shields        | 2 7 10 | 10.0
Axes           | |  2.0

Action                   |  1- 3 |  4- 6 |  7- 9 | 10-12 | 13-15 | 16-18 || total
-------------------------+-------+-------+-------+-------+-------+-------++-------
Melee: Hand axe          |   146 |       |       |       |       |       ||   146
       Dagger            |     2 |   109 |    55 |   224 |   195 |       ||   585
       Short sword       |       |    15 |    55 |   284 |   559 |    38 ||   951
       Punch             |       |     2 |     1 |    27 |    13 |       ||    43
       Halberd           |       |       |     5 |       |       |       ||     5
       Demon whip        |       |       |       |       |   158 |   147 ||   305
Throw: Stone             |    16 |    10 |       |     1 |       |       ||    27
       Dart              |     6 |     9 |     1 |    25 |    38 |     2 ||    81
       Boomerang         |     4 |     1 |       |     3 |   138 |    21 ||   167
       Throwing net      |       |       |       |     1 |     4 |       ||     5
       Large rock        |       |       |       |    25 |   114 |    28 ||   167
       Javelin           |       |       |       |     7 |    49 |     9 ||    65
 Cast: Foxfire           |       |     8 |   137 |   157 |   435 |   164 ||   901
       Blink             |       |     1 |     1 |     2 |     2 |       ||     6
       Sandblast         |       |       |     5 |    30 |    52 |    12 ||    99
       Teleport Other    |       |       |     3 |       |       |       ||     3
       Gell's Gravitas   |       |       |     1 |     4 |    15 |       ||    20
       Stone Arrow       |       |       |       |    32 |    81 |       ||   113
       Inner Flame       |       |       |       |       |    53 |     2 ||    55
       Portal Projectile |       |       |       |       |     7 |       ||     7
       Irradiate         |       |       |       |       |     1 |     4 ||     5
Invok: Heroism           |       |       |     2 |    41 |   102 |    16 ||   161
       Finesse           |       |       |       |     1 |     2 |       ||     3
Evoke: Wand              |       |     9 |     3 |    14 |    10 |     3 ||    39
       Condenser vane    |       |       |       |       |       |     2 ||     2
       Tin of tremorston |       |       |       |       |       |     1 ||     1
  Use: Scroll            |       |     6 |       |    12 |    17 |     3 ||    38
       Potion            |       |       |       |     1 |     1 |     2 ||     4
 Stab: Paralysed         |       |     3 |     4 |     2 |     2 |       ||    11
       Sleeping          |       |       |     1 |     5 |       |       ||     6
       Distracted        |       |       |       |     3 |     7 |     1 ||    11
       Held in net/web   |       |       |       |     1 |     3 |       ||     4
Armor: Robe              |    50 |    29 |    32 |   113 |   319 |    48 ||   591
Dodge: Dodged            |    76 |    48 |    95 |   270 |   445 |    63 ||   997
       Repelled          |       |       |       |       |       |     2 ||     2
Block: Kite shield       |       |       |       |       |   178 |   107 ||   285

Table legend: (Time is in decaauts)
 A = Elapsed time spent in this place.
 B = Non-inter-level travel time spent in this place.
 C = Inter-level travel time spent in this place.
 D = Time resting spent in this place.
 E = Time spent auto-exploring this place.
 F = Levels seen in this place.
 G = Mean time per level.
                   A        B        C        D        E       F      G
               +--------+--------+--------+--------+--------+-----+--------+
         Total |  59536 |  50041 |   9495 |  19046 |  23877 |  29 | 2053.0 |
       Dungeon |  31273 |  27103 |   4170 |   8377 |  15447 |  15 | 2084.9 |
        Temple |    179 |    148 |     31 |      0 |    135 |   1 |  179.0 |
          Lair |  15695 |  13438 |   2257 |   5627 |   6034 |   5 | 3139.0 |
        Shoals |   2832 |   1860 |    972 |   1378 |      0 |   3 |  944.0 |
     Snake Pit |   1355 |    653 |    702 |    394 |    110 |   1 | 1355.0 |
  Orcish Mines |   6805 |   5515 |   1290 |   2694 |   1638 |   2 | 3402.5 |
   Elven Halls |   1393 |   1322 |     71 |    575 |    512 |   2 |  696.5 |
               +--------+--------+--------+--------+--------+-----+--------+

Top non-repeatable levels by time:
   Orc:2: 5769 daAuts
    D:10: 4569 daAuts
    D:13: 4154 daAuts
  Lair:4: 3612 daAuts
  Lair:3: 3354 daAuts
  Lair:5: 3180 daAuts
  Lair:1: 3102 daAuts
     D:8: 3020 daAuts
     D:7: 3010 daAuts
     D:9: 2543 daAuts
  Lair:2: 2444 daAuts
    D:12: 2200 daAuts
     D:6: 1857 daAuts
     D:1: 1747 daAuts
     D:5: 1437 daAuts
